 Dungeon Crawl Stone Soup version 0.18-a0-1729-g8b70789 (webtiles) character file.

395 Geeful the Chiller (level 6, -3/36 HPs)
             Began as an Octopode Ice Elementalist on Apr 8, 2016.
             Killed from afar by an orc wizard (5 damage)
             ... with a magic dart
             ... on level 3 of the Dungeon on Apr 10, 2016.
             The game lasted 01:09:03 (5473 turns).

Geeful the Chiller (Octopode Ice Elementalist)      Turns: 5473, Time: 01:09:03

Health: -3/36      AC:  8    Str:  8    XL:     6   Next: 82%
Magic:  9/11       EV: 13    Int: 19    God:
Gold:   191        SH:  0    Dex: 12    Spells: 4 memorised, 3 levels left

rFire  . . .     SeeInvis .     D - +1 flail (protect)
rCold  . . .     Gourm    .     (no shield)
rNeg   + . .     Faith    .     (helmet restricted)
rPois  .         Spirit   .     A - amulet of magic regeneration
rElec  .         Dismiss  .     c - ring of positive energy
rCorr  .         Reflect  .     z - +2 ring of protection
SustAt .         Harm     .     (no ring)
MR     .....                    (no ring)
Stlth  +++.......               (no ring)
                                (no ring)
                                (no ring)
                                (no ring)

@: not resistant to hostile enchantments, fairly stealthy
A: almost no armour, amphibious, 8 rings, constrict 8, camouflage 1, gelatinous
body 1
a: no special abilities


You were on level 3 of the Dungeon.
You were hungry.

You visited 1 branch of the dungeon, and saw 4 of its levels.

You collected 191 gold pieces.

Inventory:

Hand Weapons
 s - a +2 dagger of speed
 D - a +1 flail of protection (weapon)
Missiles
 w - 7 curare-tipped needles
 B - a throwing net (quivered)
Jewellery
 c - a ring of positive energy (left tentacle)
 z - a +2 ring of protection (right tentacle)
 A - an amulet of magic regeneration (around mantle)
Wands
 r - a wand of random effects (21/48)
 E - a wand of flame (26/48)
Scrolls
 e - a scroll of enchant weapon {unknown}
 f - a scroll of random uselessness {unknown}
 g - a scroll of enchant armour {unknown}
 h - 3 scrolls of magic mapping {unknown}
 i - 3 scrolls of identify {unknown}
 j - 3 scrolls of remove curse
 m - a scroll of teleportation {unknown}
 n - 2 scrolls of noise {unknown}
 o - a scroll of fear {unknown}
 u - a scroll of immolation {unknown}
Potions
 l - 4 potions of curing {unknown}
 p - a potion of berserk rage {unknown}
 q - a potion of magic {unknown}
 t - a potion of agility {unknown}
 C - a potion of brilliance {unknown}
Books
 a - a book of Frost

   Spells                             Type                      Level
   a - Freeze                         Ice                          1
   b - Throw Frost                    Conjuration/Ice              2
   c - Ozocubu's Armour               Charms/Ice                   3
   d - Throw Icicle                   Conjuration/Ice              4
   e - Summon Ice Beast               Ice/Summoning                4
 k - a book of Burglary

   Spells                             Type                      Level
   a - Swiftness                      Charms/Air                   2
   b - Passwall                       Transmutation/Earth          2
   c - Passage of Golubria            Translocation                4
   d - Lee's Rapid Deconstruction     Earth                        5
   e - Darkness                       Hexes                        6
   f - Invisibility                   Hexes                        6
 y - a book of Minor Magic

   Spells                             Type                      Level
   a - Magic Dart                     Conjuration                  1
   b - Blink                          Translocation                2
   c - Call Imp                       Summoning                    2
   d - Repel Missiles                 Charms/Air                   2
   e - Slow                           Hexes                        2
   f - Conjure Flame                  Conjuration/Fire             3
   g - Mephitic Cloud                 Conjuration/Poison/Air       3
Comestibles
 b - 5 bread rations
 d - 2 meat rations
 v - 5 chunks of flesh
 x - 2 slices of pizza


   Skills:
 + Level 3.8 Dodging
 - Level 2.6 Stealth
 + Level 3.4 Spellcasting
   Level 1.0 Conjurations
 * Level 5.7 Ice Magic


You had 3 spell levels left.
You knew the following spells:

 Your Spells              Type           Power        Failure   Level  Hunger
a - Freeze                Ice            ####         1%          1    None
b - Repel Missiles        Chrm/Air       #.....       24%         2    ##.....
c - Ozocubu's Armour      Chrm/Ice       ##......     14%         3    ###....
d - Blink                 Tloc           N/A          24%         2    ##.....


Dungeon Overview and Level Annotations

Branches:
Dungeon (4/15)
 Temple: D:4-7

Altars:
Qazlal
Ru
Xom


Innate Abilities, Weirdness & Mutations

You cannot wear most types of armour.
You are amphibious.
You can wear up to eight rings at the same time.
You can use your tentacles to constrict eight enemies at once.
Your skin changes colour to match your surroundings (Stealth).
Your rubbery body absorbs attacks (AC +1).


Message History

A puff of flame appears from out of thin air!
The puff of flame hits you!
* * * LOW HITPOINT WARNING * * *
You see here a war axe.
Casting: Freeze
Confirm with . or Enter, or press ? or * to list all spells.
You blink.
Casting: Blink
Confirm with . or Enter, or press ? or * to list all spells.
You blink.
A magic dart appears from out of thin air!
The magic dart hits you!
* * * LOW HITPOINT WARNING * * *
Casting: Blink
Confirm with . or Enter, or press ? or * to list all spells.
You blink.
You are feeling hungry.
A magic dart appears from out of thin air!
The magic dart hits you!
You die...

##.### #.#)#####.# #.#
#.####### ##.# #.........# #.#
#.......) #.#######{####..#
#.# ###..<### #.........# #..#
#.#####.###.## #######..##
#..# #.>......###.# ##.# #..#
######.#...... ####.## #..#
#.#...... ##.....# #..#
##.#.#.## #####...#..##
#.@##########..>##
...##..#_#..#
#....ยง.........##
#.......#...####{#############
#.#..............#
#...############## #####


There were no monsters in sight!

Vanquished Creatures
  A howler monkey (D:4)
  3 orc priests
  Natasha (twice) (D:2)
  Robin (D:2)
  7 adders
  3 worms
  2 dart slugs
  5 giant geckos
  18 orcs
  A ball python (D:3)
  2 giant cockroaches
  13 goblins
  7 hobgoblins
  10 jackals
  2 quokkas
  6 bats
  13 giant newts
  7 kobolds
  8 rats
111 creatures vanquished.

Vanquished Creatures (others)
  A giant newt (D:3)
1 creature vanquished.

Grand Total: 112 creatures vanquished

Notes
Turn   | Place    | Note
--------------------------------------------------------------
     0 | D:1      | Geeful the Octopode Ice Elementalist began the quest for the Orb.
     0 | D:1      | Reached XP level 1. HP: 11/11 MP: 3/3
   712 | D:1      | Reached XP level 2. HP: 15/17 MP: 5/5
  1745 | D:2      | Reached XP level 3. HP: 19/21 MP: 6/6
  1880 | D:2      | Found a sacrificial altar of Ru.
  1890 | D:2      | Noticed Natasha
  1896 | D:2      | Killed Natasha
  1896 | D:2      | Reached skill level 4 in Ice Magic
  2256 | D:2      | Noticed Robin
  2256 | D:2      | Reached XP level 4. HP: 27/27 MP: 7/7
  2276 | D:2      | Killed Robin
  2828 | D:2      | Found a shimmering altar of Xom.
  2920 | D:2      | Noticed Natasha
  2934 | D:2      | Killed Natasha
  2934 | D:2      | Reached XP level 5. HP: 31/31 MP: 9/9
  3642 | D:2      | Learned a level 2 spell: Repel Missiles
  4007 | D:3      | Found a faded altar to an unknown god.
  4174 | D:3      | Reached skill level 5 in Ice Magic
  4277 | D:3      | Upgraded the game from 0.18-a0-1718-g40ea4b6 to 0.18-a0-1720-g8df8b1a
  4318 | D:3      | Upgraded the game from 0.18-a0-1720-g8df8b1a to 0.18-a0-1729-g8b70789
  4479 | D:3      | Reached XP level 6. HP: 36/36 MP: 10/10
  4680 | D:3      | Found a stormy altar of Qazlal.
  4706 | D:3      | Learned a level 3 spell: Ozocubu's Armour
  4709 | D:3      | Learned a level 2 spell: Blink
  5473 | D:3      | Killed from afar by an orc wizard

Vault maps used:
D:1:      lightli_arrival_boilingwater, minmay_lizard_king
D:2:      minmay_door_path, lemuel_crystal_altar, xom_butterflies, first_bread,
          minmay_misc_feat_five, uniq_natasha, uniq_robin
D:3:      ecumenical_altar_1, nicolae_qazlal_eye_of_the_storm
D:4:      minmay_goblin_kobold_castle, minmay_misc_feat_tiny,
          kennysheep_generic_room_2

Skill      XL: |  1  2  3  4  5 |
---------------+----------------+-----
Ice Magic      | 4 5 |  5.7
Dodging        | 3 |  3.8
Spellcasting   | 3 |  3.4
Stealth        | |  2.6
Conjurations   | |  1.0

Action                   |  1- 3 |  4- 6 || total
-------------------------+-------+-------++-------
Melee: Unarmed           |     9 |       ||     9
       Short sword       |    57 |    13 ||    70
       Dagger            |       |   144 ||   144
       Flail             |       |    36 ||    36
Throw: Tomahawk          |       |     2 ||     2
 Cast: Freeze            |    10 |    17 ||    27
       Repel Missiles    |       |     1 ||     1
       Blink             |       |     3 ||     3
Evoke: Wand              |       |     1 ||     1
  Use: Scroll            |       |     1 ||     1
 Stab: Sleeping          |     2 |    13 ||    15
       Distracted        |     1 |     2 ||     3
  Eat: Chunk             |     3 |    11 ||    14
